AoeStats
← Noroad

Nomad

510540577Analyzed
4v4 RM · 1d ago on Oct 1, 2026· 57m 30s· 8 players
Game mode
Random Map
Map size
231×231
Population
200
Speed
Normal
Resources
Standard
Victory
Conquest
Starting age
Dark Age
Ending age
Imperial Age
RankedLock teamsTeams togetherTeam positionsShared explorationLock speedFull tech treeHidden civsTurbo modeCheats
Victory
Defeat
🇨🇳 Spanish · China
1216
+17
🇦🇺 Vikings · Australia
1215
+17
🇨🇳 Koreans · China
1209
+18
🇨🇳 Malay · China
1187
+19
🇹🇼 Poles · Taiwan
1278
-19
🇹🇼 Hindustanis · Taiwan
1278
-19
🇹🇼 Goths · Taiwan
1258
-18
🇹🇼 Koreans · Taiwan
1166
-15
tugou
4:41 Loom
14:08 Feudal Age
18:23 Castle Age
16:37 Fishing Lines
17:07 Double-Bit Axe
19:53 Gillnets
21:39 Gold Mining
23:31 Wheelbarrow
23:53 Medium Warships
24:06 Fletching
26:45 Bodkin Arrow
28:43 Hand Cart
28:28 Horse Collar
34:06 Imperial Age
34:45 Ballistics
34:56 Bracer
35:44 Masonry
44:11 Conscription
44:43 Elite War Wagon
51:43 Chemistry
50:50 Siege Engineers
51:16 Architecture
51:44 Gold Shaft Mining
51:00 Stone Mining
51:06 Stone Mining
52:36 Shinkichon
54:11 Bow Saw
55:06 Heavy Rocket Cart
只爆叉叉
Noroad
11:29 Loom
13:15 Feudal Age
15:07 Town Watch
18:21 Castle Age
17:29 Double-Bit Axe
18:12 Padded Archer Armor
18:46 Horse Collar
19:39 Leather Archer Armor
20:55 Fletching
29:34 Husbandry
30:39 Bloodlines
35:23 Wheelbarrow
39:04 Hand Cart
41:56 Imperial Age
40:35 Bodkin Arrow
43:02 Conscription
43:34 Ring Archer Armor
43:45 Guilds
43:54 Heavy Plow
44:07 Bow Saw
43:57 Gold Mining
44:00 Stone Mining
44:50 Ballistics
44:32 Bracer
45:11 Elite Conquistador
47:40 Chemistry
48:26 Scale Barding Armor
48:28 Capped Ram
52:37 Chain Barding Armor
52:28 Forging
52:08 Light Cavalry
53:38 Stone Shaft Mining
53:30 Supremacy
52:44 Sappers
54:49 Plate Barding Armor
54:41 Hussar
56:45 Iron Casting
furkanonal2018
14:31 Feudal Age
15:20 Double-Bit Axe
16:32 Fishing Lines
16:42 Man-at-Arms
22:41 Castle Age
21:50 Forging
21:40 Scale Mail Armor
21:40 Stone Mining
24:07 Bow Saw
25:21 Loom
28:32 Horse Collar
29:07 Treadmill Crane
30:56 Fletching
31:19 Squires
32:23 Heavy Plow
33:00 Iron Casting
32:41 Chain Mail Armor
37:50 Imperial Age
36:22 Chain Mail Armor
37:45 Gold Mining
38:25 Capped Ram
39:52 Town Watch
41:59 Coinage
41:33 Elite Varangian Guard
42:03 Arson
43:53 Gold Shaft Mining
44:16 Conscription
43:42 Siege Ram
45:55 Blast Furnace
45:26 Plate Mail Armor
47:35 Banking
49:32 Pikeman
54:54 Town Patrol
56:04 Long Swordsman
57:46 Bodkin Arrow
Not.ACCM
11:45 Loom
16:05 Feudal Age
23:33 Castle Age
22:35 Double-Bit Axe
22:53 Fletching
23:43 Fishing Lines
24:17 Bodkin Arrow
24:38 Bow Saw
26:41 Gillnets
27:14 Stone Mining
29:08 Gold Mining
34:01 Wheelbarrow
35:17 Town Watch
38:35 Imperial Age
48:05 Eupseong
54:14 Bracer
57:01 Treadmill Crane
Not.MbL
15:00 Feudal Age
19:14 Castle Age
18:35 Loom
18:43 Double-Bit Axe
22:03 Fletching
22:14 Padded Archer Armor
22:54 Ballistics
22:50 Elite Skirmisher
36:17 Wheelbarrow
36:25 Wheelbarrow
37:11 Bow Saw
41:25 Bloodlines
40:35 Light Cavalry
44:52 Scale Barding Armor
44:58 Forging
45:48 Hand Cart
46:08 Hand Cart
48:28 Husbandry
48:52 Fishing Lines
50:47 Gillnets
52:43 Szlachta Privileges
55:18 Imperial Age
54:23 Chain Barding Armor
54:38 Iron Casting
53:59 Bodkin Arrow
54:19 Leather Archer Armor
Not.Vipper
3:18 Loom
15:55 Feudal Age
20:09 Castle Age
18:47 Double-Bit Axe
19:24 Fletching
21:04 Medium Warships
22:25 Bow Saw
27:44 Scale Mail Armor
27:54 Forging
29:09 Chain Mail Armor
29:41 Anarchy
30:39 Iron Casting
31:44 Elite Skirmisher
32:28 Bodkin Arrow
37:41 Padded Archer Armor
51:13 Man-at-Arms
54:50 Imperial Age
52:17 Long Swordsman
55:14 Two-Handed Swordsman
56:31 Champion
Not.Hera
11:46 Loom
14:03 Feudal Age
17:39 Castle Age
15:30 Double-Bit Axe
16:40 Horse Collar
18:35 Bow Saw
20:18 Fletching
22:59 Medium Warships
28:00 Wheelbarrow
27:11 Town Watch
33:00 Imperial Age
30:38 Scale Mail Armor
30:47 Squires
30:33 Arson
31:34 Chain Mail Armor
31:17 Stone Mining
31:32 Fishing Lines
32:56 Hand Cart
32:57 Forging
34:40 Elite Ghulam
36:42 Gold Mining
36:53 Heavy Plow
37:31 Stone Shaft Mining
38:17 Scale Barding Armor
38:48 Iron Casting
38:59 Husbandry
39:09 Bloodlines
38:22 Light Cavalry
39:43 Heavy Camel Rider
41:42 Chain Barding Armor
42:23 Blast Furnace
41:32 Imperial Camel Rider
42:17 Bodkin Arrow
45:29 Plate Barding Armor
44:55 Bracer
46:35 Grand Trunk Road
46:56 Conscription
48:14 Gold Shaft Mining
53:57 Chemistry
53:18 Ballistics
53:08 Masonry
53:24 Hussar
Connection lost

Rejoining the realm…

Still unreachable

The connection could not be restored.

Session expired

The server has moved on; the page needs a fresh start.